Map: Glittering Ashes LE

Players

herO - Winner!

  • Race: Protoss Protoss

ShoWTimE

  • Race: Protoss Protoss

VOD

Have the link to the VOD?

Description

Time

  • Played on: Oct. 21, 2021, 9:47 a.m.
  • Length: 8:27
Show
View Real Time Build Order
Export as new Build Order

herO Protoss - Winner!

Build Orders: Mass Adepts 

Get SALT Encoding   

  12  0:00  Probe  
  13  0:12  Probe  
  14  0:17  Pylon  
  14  0:24  Probe (Chrono Boost)  
  16  0:36  Probe (Chrono Boost)  
  16  0:37  Gateway  
  16  0:43  Probe (Chrono Boost)  
  16  0:46  Assimilator  
  17  0:50  Probe  
  17  0:54  Assimilator  
  18  1:03  Probe (Chrono Boost)  
  19  1:07  Gateway  
  20  1:12  Probe (Chrono Boost)  
  20  1:17  Probe (Chrono Boost)  
  20  1:24  Cybernetics Core  
  21  1:29  Probe  
  22  1:34  Pylon  
  22  1:41  Probe  
  24  1:57  Warp Gate (Chrono Boost)  
  24  2:00  Adept x2  
  28  2:06  Shield Battery  
  27  2:10  Pylon  
  27  2:30  Adept x2  
  27  2:36  Probe  
  32  2:43  Nexus  
  32  2:51  Pylon  
  31  3:01  Adept  
  31  3:02  Adept  
  35  3:15  Shield Battery  
  35  3:16  Probe  
  34  3:28  Probe  
  34  3:31  Pylon  
  35  3:40  Adept x2  
  39  3:49  Probe  
  39  3:52  Robotics Facility  
  40  3:56  Probe  
  40  4:01  Adept, Probe  
  40  4:02  Adept  
  46  4:13  Probe x2 (Chrono Boost)  
  50  4:24  Probe x2 (Chrono Boost)  
  50  4:29  Probe x2 (Chrono Boost)  
  52  4:32  Stalker x2  
  56  4:39  Probe x2  
  56  4:41  Warp Prism (Chrono Boost)  
  60  4:50  Pylon  
  60  5:00  Stalker  
  62  5:08  Probe x2  
  62  5:09  Twilight Council  
  62  5:13  Observer  
  65  5:20  Stalker, Assimilator  
  67  5:22  Probe  
  67  5:28  Stalker, Pylon  
  70  5:34  Blink (Chrono Boost)  
  70  5:46  Probe x2, Immortal (Chrono Boost)  
  68  6:04  Stalker  
  68  6:09  Stalker  
  68  6:12  Gateway  
  68  6:13  Gateway x3  
  66  6:21  Pylon  
  66  6:22  Immortal (Chrono Boost)  
  68  6:33  Stalker x2  
  70  6:45  Shield Battery  
  70  6:48  Immortal (Chrono Boost)  
  74  6:57  Stalker x2  
  74  7:00  Pylon  
  78  7:10  Stalker x4  
  78  7:12  Pylon  
  86  7:17  Pylon  
  80  7:37  Stalker x6  
  92  8:03  Stalker x5  
  100  8:05  Zealot  
Show
View Real Time Build Order
Export as new Build Order

ShoWTimE Protoss 

Build Orders: Oracle Opening, Phoenix Opening 

Get SALT Encoding   

  12  0:00  Probe  
  13  0:12  Probe  
  14  0:17  Pylon  
  14  0:24  Probe (Chrono Boost)  
  15  0:36  Probe (Chrono Boost), Gateway  
  16  0:44  Probe (Chrono Boost)  
  16  0:45  Assimilator  
  17  0:51  Probe  
  18  1:03  Probe (Chrono Boost)  
  19  1:04  Assimilator  
  19  1:09  Gateway  
  19  1:13  Probe (Chrono Boost)  
  20  1:18  Probe (Chrono Boost)  
  20  1:23  Cybernetics Core  
  21  1:29  Probe  
  22  1:41  Probe  
  23  1:48  Pylon  
  23  1:59  Warp Gate  
  23  2:06  Sentry, Stalker, Probe  
  28  2:13  Pylon  
  28  2:28  Probe  
  29  2:32  Stalker  
  30  2:38  Stargate  
  30  2:43  Phoenix  
  30  2:50  Probe  
  31  2:54  Stalker  
  33  3:03  Shield Battery  
  34  3:11  Nexus  
  34  3:12  Probe  
  33  3:21  Oracle (Chrono Boost)  
  36  3:27  Probe  
  36  3:28  Pylon  
  37  3:39  Probe  
  38  3:43  Shield Battery  
  38  3:50  Oracle (Chrono Boost)  
  38  3:51  Probe  
  42  4:00  Stalker  
  44  4:04  Probe  
  44  4:06  Stalker  
  47  4:20  Cybernetics Core  
  47  4:23  Probe  
  48  4:24  Probe  
  49  4:35  Probe  
  49  4:36  Probe  
  51  4:42  Twilight Council  
  51  4:47  Probe (Chrono Boost)  
  51  4:48  Stalker  
  51  4:49  Probe (Chrono Boost), Phoenix  
  55  4:59  Probe (Chrono Boost)  
  57  5:00  Probe (Chrono Boost)  
  57  5:04  Probe (Chrono Boost)  
  57  5:05  Probe (Chrono Boost)  
  59  5:12  Blink (Chrono Boost)  
  59  5:13  Probe  
  60  5:15  Probe  
  60  5:20  Pylon  
  61  5:22  Forge  
  61  5:25  Probe  
  62  5:29  Assimilator  
  62  5:33  Pylon  
  62  5:34  Gateway  
  62  5:38  Probe x2  
  62  5:42  Pylon  
  64  5:50  Stalker x2, Probe  
  64  5:52  Probe  
  64  5:54  Phoenix  
  69  6:03  Probe  
  68  6:04  Probe  
  69  6:16  Probe  
  70  6:19  Probe  
  70  6:20  Pylon  
  70  6:25  Stalker x2  
  75  6:29  Probe  
  75  6:31  Probe  
  75  6:39  Nexus  
  75  6:41  Probe  
  75  6:42  Pylon  
  76  6:48  Robotics Facility  
  76  6:54  Probe x2  
  78  7:00  Gateway  
  78  7:05  Gateway  
  78  7:15  Gateway  
  78  7:19  Pylon  
  78  7:21  Shield Battery  
  78  7:23  Shield Battery  
  78  7:25  Pylon  
  78  7:28  Stalker x3  
  78  7:37  Immortal (Chrono Boost)  
  82  7:53  Stalker x3  
  86  8:02  Stalker x2  
  90  8:08  Stalker  
  90  8:16  Stalker x2  
  90  8:17  Stalker  
Tags
 
Add a new tag
Caveats
  • Supply blocks, unpowered buildings, or Contaminate may cause inaccurate times.
  • Supply counts are checked every 10 seconds.